 Dungeon Crawl Stone Soup version 0.31-a0-986-g5e6e4ef867 (webtiles) character file.

Game seed: 17711018191883968758

101 CowFu the Conjurer (level 4, -3/24 HPs)
             Began as a Deep Elf Conjurer on Nov 8, 2023.
             Slain by a gnoll
             ... wielding a +0 halberd
              (11 damage)
             ... on level 2 of the Dungeon.
             The game lasted 00:01:15 (2344 turns).

CowFu the Conjurer (Deep Elf Conjurer)              Turns: 2344, Time: 00:01:16

Health: -3/24      AC:  2    Str:  4    XL:     4   Next: 48%
Magic:  5/13       EV: 12    Int: 25    God:
Gold:   96         SH:  0    Dex: 13    Spells: 10/13 levels left

rFire   . . .        l - +0 dagger (vamp)
rCold   . . .        (no shield)
rNeg    . . .        a - +0 robe
rPois   .            (no helmet)
rElec   .            (no cloak)
rCorr   .            (no gloves)
SInv    .            (no boots)
Will    .....        (no amulet)
Stlth   ++           (no ring)
HPRegen 0.24/turn    (no ring)
MPRegen 0.13/turn

%: no passive effects
@: very slightly contaminated
A: no striking features
a: no special abilities


You were on level 2 of the Dungeon.
You visited 1 branch of the dungeon, and saw 3 of its levels.

You collected 96 gold pieces.

Inventory:

Hand Weapons
 l - a +0 vampiric dagger (weapon)
Armour
 a - a +0 robe (worn)
Scrolls
 c - a scroll of immolation {unknown}
 d - 2 scrolls of poison {unknown}
 e - a scroll of blinking {unknown}
 f - 2 scrolls of noise {unknown}
 g - a scroll of revelation {unknown}
 i - a scroll of enchant weapon {unknown}
 j - a scroll of enchant armour {unknown}
 k - a scroll of silence {unknown}
Potions
 b - a potion of magic
 h - 2 potions of might {unknown}


   Skills:
 - Level 2.4 Dodging
 - Level 2.4 Stealth
 + Level 5.0 Spellcasting
 + Level 5.5 Conjurations


You had 10 spell levels left.
You knew the following spells:

 Your Spells              Type           Power      Damage    Failure   Level
a - Magic Dart            Conj           100%       1d8       1%          1
b - Searing Ray           Conj           68%        2d6       1%          2

Your spell library contained the following spells:

 Spells                   Type           Power      Damage    Failure   Level
 Dazzling Flash           Conj/Hex       40%        N/A       8%          3
 Fulminant Prism          Conj/Hex       10%        3d9       26%         4
 Iskenderun's Mystic Bla  Conj/Tloc      20%        2d6       26%         4


Dungeon Overview and Level Annotations

Branches:
Dungeon (3/15)

Altars:
Yredelemnul


Message History

The gnoll is moderately wounded.
A gnoll is nearby!
The magic dart hits the gnoll.
The gnoll is heavily wounded.
A gnoll comes into view. It is wielding a +0 halberd.
There are monsters nearby!
The magic dart hits the gnoll but does no damage.
The gnoll is heavily wounded.
The gnoll shouts!
There are monsters nearby!
The magic dart hits the gnoll.
The gnoll is almost dead.
There are monsters nearby!
There are monsters nearby!
The magic dart hits the gnoll but does no damage.
The gnoll is almost dead.
There are monsters nearby!
The magic dart hits the gnoll but does no damage.
The gnoll is almost dead.
The gnoll hits you from afar with a +0 spear.
There are monsters nearby!
The magic dart hits the gnoll but does no damage.
The gnoll is almost dead.
The gnoll hits you from afar with a +0 spear.
A gnoll comes into view. It is wielding a +1 spear of flaming.
The magic dart hits the gnoll but does no damage.
The gnoll is almost dead.
The gnoll closely misses you.
There are monsters nearby!
There are monsters nearby!
You miscast Magic Dart.
You are very lightly contaminated with residual magic.
Nothing appears to happen.
The gnoll hits you from afar with a +0 halberd.
The gnoll hits you from afar with a +0 spear!
There are monsters nearby!
You are too injured to fight recklessly!
The gnoll attacks as it pursues you!
The gnoll hits you from afar with a +0 halberd!
You die...

#......# #.####.## #.# #...
##. #.# #.## #...
####.####.## #...
###.......#... #)..#
#.......#.####
.####..<######.#.#...#.#...
........g.@.##..###..#.#...
........).....[.#<...†....
.....g....#.(#.......#...
#.#...#.###..#...#.###...
#.#...#.# #......†.# ####
#.g.....# #........#
#.#..<#.# #......###
#.........# #####.########
..#.#####.# #........##


You could see 3 gnolls.

Vanquished Creatures
  A centaur zombie (D:3)
  A gnoll (D:2)
  A shadow imp (D:3)
  An adder zombie (D:3)
  2 dart slugs
  2 orcs (D:3)
  4 endoplasms
  4 giant cockroaches
  2 goblins
  4 hobgoblins (D:1)
  3 ball pythons
  6 bats
  5 frilled lizards
  2 kobolds
  A quokka zombie (D:3)
  5 rats
44 creatures vanquished.

Notes
Turn   | Place    | Note
-------+----------+-------------------------------------------
     0 | D:1      | CowFu the Deep Elf Conjurer began the quest for the Orb.
     0 | D:1      | Reached XP level 1. HP: 10/10 MP: 6/6
   348 | D:1      | Reached XP level 2. HP: 15/15 MP: 2/8
  1005 | D:2      | You fall into a shaft and drop 1 floor!
  1015 | D:3      | Reached skill level 5 in Conjurations
  1077 | D:3      | Reached XP level 3. HP: 19/19 MP: 8/10
  1638 | D:3      | Found a basalt altar of Yredelemnul.
  1648 | D:3      | Reached XP level 4. HP: 9/24 MP: 2/12
  1735 | D:3      | Learned a level 2 spell: Searing Ray
  2304 | D:2      | Reached skill level 5 in Spellcasting
  2344 | D:2      | Slain by a gnoll

Illustrated notes

Levels and vault maps discovered:
D:1:      amcnicky_arrival_underground_garden, layout_basic
D:2:      layout_loops_cross
D:3:      layout_loops_corners, nicolae_yredelemnul_corpse_copse

Skill      XL: |  1  2  3  4 |
---------------+-------------+-----
Spellcasting   | 4 5 |  5.0
Conjurations   | 5 |  5.5
Dodging        | |  2.4
Stealth        | |  2.4

Action                     |  1- 3 |  4- 6 || total
---------------------------+-------+-------++-------
   Cast: Magic Dart        |    67 |    29 ||    96
         Searing Ray       |       |     1 ||     1
 Armour: Robe              |    11 |     8 ||    19
  Dodge: Dodged            |    13 |     3 ||    16

Table legend: (Time is in decaauts)
 A = Elapsed time spent in this place.
 B = Non-inter-level travel time spent in this place.
 C = Inter-level travel time spent in this place.
 D = Time resting spent in this place.
 E = Time spent auto-exploring this place.
 F = Levels seen in this place.
 G = Mean time per level.
                   A        B        C        D        E       F      G
               +--------+--------+--------+--------+--------+-----+--------+
         Total |   2342 |   2294 |     48 |      0 |   2110 |   3 |  780.7 |
       Dungeon |   2342 |   2294 |     48 |      0 |   2110 |   3 |  780.7 |
               +--------+--------+--------+--------+--------+-----+--------+

Top non-repeatable levels by time:
     D:3: 1082 daAuts
     D:1: 928 daAuts
     D:2: 332 daAuts
